 Dungeon Crawl Stone Soup version 0.15.0-11-g6f4f891 (webtiles) character file.

96 MDvedh the Ruinous (level 4, -7/33 HPs)
             Began as a Draconian Conjurer on Aug 31, 2014.
             Mangled by Crazy Yiuf
             ... wielding a +3 quarterstaff of chaos
              (13 damage)
             ... on Level 3 of the Dungeon.
             The game lasted 00:03:30 (2602 turns).

MDvedh the Ruinous (Draconian Conjurer)             Turns: 2602, Time: 00:03:30

HP  -7/33        AC  5     Str 11      XL: 4   Next: 41%
MP   1/9         EV 12     Int 16      God:
Gold 111         SH  0     Dex 11      Spells:  2 memorised,  6 levels left

rFire  . . .     SeeInvis .     a - +0 mace
rCold  . . .     Clarity  .     (armour unavailable)
rNeg   . . .     rCorr    .     (no shield)
rPois  .         rRot     .     (helmet restricted)
rElec  .         Spirit   .     (no cloak)
SustAb .         Warding  .     (no gloves)
rMut   .         Stasis   +     (no boots)
Gourm  .                        g - amulet of stasis
MR     .....                    (no ring)
                                e - ring of flight

@: not resistant to hostile enchantments, unstealthy
A: unfitting armour, cold-blooded, AC +5
a: Evoke Flight


You were on level 3 of the Dungeon.
You were not hungry.

You visited 1 branch of the dungeon, and saw 3 of its levels.

You collected 111 gold pieces.

Inventory:

Hand weapons
 a - a +0 mace (weapon)
Magical devices
 n - a wand of frost (7)
Comestibles
 o - 4 bread rations
 q - a meat ration
Scrolls
 b - a scroll of enchant armour {unknown}
 f - a scroll of recharging {unknown}
 j - 3 scrolls of identify {unknown}
 l - 4 scrolls of enchant weapon {unknown}
 m - a scroll of immolation {unknown}
Jewellery
 e - a ring of flight (left hand)
 g - an amulet of stasis (around neck)
Potions
 d - a potion of decay {unknown}
 h - a potion of brilliance {unknown}
 i - a potion of haste {unknown}
 k - a potion of mutation {unknown}
 p - a potion of curing {unknown}
Books
 c - a book of Conjurations

   Spells                             Type                      Level
   *Magic Dart                        Conjuration                  1
   *Searing Ray                       Conjuration                  2
   Dazzling Spray                     Conjuration/Hexes            3
   Fulminant Prism                    Conjuration/Hexes            4
   Iskenderun's Mystic Blast          Conjuration                  4
   Iskenderun's Battlesphere          Conjuration/Charms           5


   Skills:
 - Level 1.7 Dodging
 - Level 1.7 Stealth
 + Level 3.4 Spellcasting
 + Level 5.0 Conjurations


You had 6 spell levels left.
You knew the following spells:

 Your Spells              Type           Power        Failure   Level  Hunger
a - Magic Dart            Conj           ###.         2%          1    None
b - Searing Ray           Conj           ###...       4%          2    ##.....


Dungeon Overview and Level Annotations

Branches:
Dungeon (3/15)

Altars:
Zin

Annotations:
D:3 Crazy Yiuf


Innate Abilities, Weirdness & Mutations

Your plain brown scales are hard (AC +5).
Your body does not fit into most forms of armour.
Your cold-blooded metabolism reacts poorly to cold.


Message History

Crazy Yiuf is heavily wounded.
Casting: Magic Dart
Confirm with . or Enter, or press ? or * to list all spells.
Aiming: Magic Dart
Press: ? - help, Shift-Dir - straight line, f/p - Crazy Yiuf
Aim: Crazy Yiuf, wielding a quarterstaff of chaos and wearing a cloak (heavily wounded)
The magic dart hits Crazy Yiuf.
Crazy Yiuf is severely wounded.
Crazy Yiuf closely misses you.
Casting: Magic Dart
Confirm with . or Enter, or press ? or * to list all spells.
Aiming: Magic Dart
Press: ? - help, Shift-Dir - straight line, f/p - Crazy Yiuf
Aim: Crazy Yiuf, wielding a quarterstaff of chaos and wearing a cloak (severely wounded)
The magic dart hits Crazy Yiuf.
Crazy Yiuf is almost dead.
Crazy Yiuf hits you with a quarterstaff of chaos.
* * * LOW HITPOINT WARNING * * *
You are electrocuted!
You die...

##### #)..#
# #...# #
... ### #
#g# #.. .
♣@♣♣ #.# #
♣♣.♣ #.# ##
♣.♣♣
##.#######.
♣♣.♣
#...)......
♣♣.♣♣
#.)######.#
♣♣...♣
#..).....##
♣....♣
#.#######.#
#+..+# #.#
##.
###....##
#.# #.


You could see Crazy Yiuf.

Vanquished Creatures
  3 gnolls (D:2)
  2 adders
  A giant mite (D:2)
  3 orcs (D:3)
  8 goblins
  5 hobgoblins
  9 kobolds
  8 bats
  A giant cockroach (D:3)
  2 rats
42 creatures vanquished.

Notes
Turn   | Place    | Note
--------------------------------------------------------------
     0 | D:1      | MDvedh, the Draconian Conjurer, began the quest for the Orb.
     0 | D:1      | Reached XP level 1. HP: 14/14 MP: 3/3
   251 | D:1      | Reached XP level 2. HP: 18/20 MP: 1/4
   969 | D:2      | Reached XP level 3. HP: 14/26 MP: 1/6
  1560 | D:2      | Learned a level 2 spell: Searing Ray
  1762 | D:2      | Reached XP level 4. HP: 33/33 MP: 7/9
  1838 | D:2      | Found a glowing silver altar of Zin.
  2440 | D:3      | Reached skill level 5 in Conjurations
  2594 | D:3      | Noticed Crazy Yiuf
  2602 | D:3      | Mangled by Crazy Yiuf

Action                   |  1- 3 |  4- 6 || total
-------------------------+-------+-------++-------
Melee: Mace              |    25 |       ||    25
       Unarmed           |     1 |       ||     1
 Cast: Magic Dart        |    63 |    36 ||    99
Evoke: Wand              |     1 |       ||     1
  Eat: Bread ration      |     1 |       ||     1
       Chunk             |       |     1 ||     1
